 Dungeon Crawl Stone Soup version 0.28.0-53-g5a82cb258f (webtiles) character file.

Game seed: 7055246751321407278

425 pkoi the Insei (level 6, -2/50 HPs)
             Began as a Demigod Gladiator on May 27, 2022.
             Slain by an ogre
             ... wielding a +0 giant spiked club
              (14 damage)
             ... on level 5 of the Dungeon.
             The game lasted 00:07:56 (5538 turns).

pkoi the Insei (Demigod Gladiator)                  Turns: 5538, Time: 00:07:57

Health: -2/50      AC:  6    Str: 15    XL:     6   Next: 37%
Magic:  8/8        EV: 13    Int: 18    God:
Gold:   104        SH:  0    Dex: 21    Spells: 5/5 levels left

rFire   + . .      SeeInvis .     - Unarmed
rCold   . . .      Faith    .   (no shield)
rNeg    . . .      Spirit   .   s - +0 leather armour {rF+}
rPois   .          Reflect  .   b - +0 helmet
rElec   .          Harm     .   (no cloak)
rCorr   .          Rampage  .   (no gloves)
Will    .....                   w - +1 pair of boots {Stlth+}
Stlth   +++.......              (no amulet)
HPRegen 0.16/turn               t - +6 ring of dexterity
MPRegen 0.11/turn               (no ring)

@: studying Unarmed Combat
A: high MP 1, forlorn, divine attributes
a: no special abilities


You were on level 5 of the Dungeon.
You visited 1 branch of the dungeon, and saw 5 of its levels.

You collected 169 gold pieces.
You spent 65 gold pieces at shops.

Inventory:

Hand Weapons
 f - a +3 dagger of draining
Missiles
 c - 3 throwing nets (quivered)
Armour
 b - a +0 helmet (worn)
 e - a +0 ring mail
 s - a +0 leather armour of fire resistance (worn)
 w - a +1 pair of boots of stealth (worn)
Jewellery
 t - a +6 ring of dexterity (left hand)
Wands
 a - a wand of iceblast (9)
Scrolls
 d - a scroll of torment
 j - a scroll of teleportation
 m - a scroll of enchant weapon
 o - a scroll of magic mapping
Potions
 g - a potion of berserk rage {unknown}
 h - 3 potions of brilliance {unknown}
 i - a potion of flight
 k - a potion of curing
 l - 2 potions of lignification {unknown}
 n - a potion of resistance
 p - a potion of degeneration {unknown}
 q - a potion of invisibility {unknown}
 r - 2 potions of heal wounds
 u - 4 potions of mutation {unknown}
 v - a potion of magic {unknown}
 x - a potion of might {unknown}


   Skills:
 + Level 2.9 Fighting
 - Level 1.7 Throwing
 - Level 2.0 Armour
 - Level 2.6 Dodging
 + Level 2.3 Stealth
 + Level 6.4 Unarmed Combat
 + Level 1.8 Evocations


You had 5 spell levels left.
You didn't know any spells.
Your spell library contained the following spells:

 Spells                   Type           Power      Damage    Failure   Level
 Airstrike                Air            0%         N/A       95%         4
 Dispel Undead            Necr           0%         3d6       95%         4
 Borgnjor's Revivificati  Necr           0%         N/A       100%        8


Dungeon Overview and Level Annotations

Branches:
Dungeon (5/15)             Temple (0/1) D:4

Shops:
D:1 !   D:3 :


Innate Abilities, Weirdness & Mutations

You have an increased reservoir of magic. (+10% MP)
You shall have no god before yourself.
Your divine heritage dramatically boosts your attributes as you level up.


Message History

The black bear goes berserk!
You punch the black bear!
The black bear is almost dead.
The black bear bites you!
* * * LOW HITPOINT WARNING * * *
The black bear closely misses you. The black bear barely misses you.
You hit the black bear.
You kill the black bear!
You see here a black bear corpse.
You start resting.
HP restored.
You start waiting.
Done waiting.
You open the door.
There is an open door here.
You open the door.
Found a short sword.
There is an open door here.
There is an open door here.
An ogre comes into view. It is wielding a +0 giant spiked club.
The ogre shouts!
An ogre is nearby!
You hit the ogre.
The ogre is lightly wounded.
The ogre hits you with a +0 giant spiked club!
* * * LOW HITPOINT WARNING * * *
You hit the ogre.
The ogre is moderately wounded.
The ogre hits you with a +0 giant spiked club!
* * * LOW HITPOINT WARNING * * *
You barely miss the ogre.
The ogre is moderately wounded.
You hit the ogre.
The ogre is heavily wounded.
The ogre hits you with a +0 giant spiked club!
* * * LOW HITPOINT WARNING * * *
You hit the ogre.
The ogre is heavily wounded.
The ogre hits you with a +0 giant spiked club!
You die...

.......#...#
.......#.).# ......
......<#...#........
.......'...#........
#..###.######.##..#
#..###'##.###.##..##
....#......#.......#
....#>.....#...O...#
#...#^.....'....@..##
#...##.##.##.###....#
#...#####+##.###.####
.[......#...†#....#
........+....#....#
........#....'....#
#.....###..####..##
#########..####'###
.......#..........#


You could see an ogre.

Vanquished Creatures
  A black bear (D:5)
  A wyvern zombie (D:5)
  2 jellies (D:5)
  A hound (D:3)
  A bullfrog skeleton (D:5)
  Ijyb (D:4)
  An orc wizard (D:4)
  3 adders
  An ufetubus (D:4)
  A dart slug (D:3)
  3 orcs
  9 ball pythons
  4 endoplasms
  4 giant cockroaches
  8 goblins
  6 hobgoblins
  9 jackals
  2 quokkas
  7 bats
  4 frilled lizards
  4 kobolds
  4 rats
77 creatures vanquished.

Vanquished Creatures (others)
  A plant (D:1)
1 creature vanquished.

Grand Total: 78 creatures vanquished

Notes
Turn   | Place    | Note
-------+----------+-------------------------------------------
     0 | D:1      | pkoi the Demigod Gladiator began the quest for the Orb.
     0 | D:1      | Reached XP level 1. HP: 17/17 MP: 3/3
   412 | D:1      | Reached skill level 3 in Unarmed Combat
   444 | D:1      | Found Qibiyx's Distillery.
   448 | D:1      | Reached skill level 1 in Armour
   455 | D:1      | Reached XP level 2. HP: 23/24 MP: 4/4
   776 | D:1      | Identified a scroll of acquirement
   776 | D:1      | Acquired a manual of Unarmed Combat
  1343 | D:2      | Reached XP level 3. HP: 22/29 MP: 5/5
  1823 | D:2      | Reached skill level 4 in Unarmed Combat
  2418 | D:1      | Bought a potion of heal wounds for 65 gold pieces
  2534 | D:3      | Reached XP level 4. HP: 20/36 MP: 6/6
  2537 | D:3      | Reached skill level 5 in Unarmed Combat
  2848 | D:3      | You fall into a shaft and drop 1 floor!
  2866 | D:4      | Got the Guide on Aerial Black Arts
  2990 | D:3      | Found Pasoawa's Book Shop.
  3531 | D:4      | Found a staircase to the Ecumenical Temple.
  4198 | D:5      | Entered Level 5 of the Dungeon
  4255 | D:5      | Noticed Ijyb
  4269 | D:4      | Killed Ijyb
  4290 | D:5      | Reached skill level 1 in Stealth
  4290 | D:5      | Reached XP level 5. HP: 30/41 MP: 7/7
  4575 | D:5      | HP: 1/41 [something (3)]
  4588 | D:4      | Reached skill level 6 in Unarmed Combat
  4588 | D:4      | Reached skill level 1 in Evocations
  5211 | D:5      | Reached XP level 6. HP: 32/50 MP: 8/8
  5538 | D:5      | Slain by an ogre

Illustrated notes

Levels and vault maps discovered:
D:1:      heliophobic_arrival_battle_scene, layout_basic, serial_shops,
          nicolae_shop_advertising_works [nicolae_subvault_shop_adworks],
          serial_bayou, serial_bayou_shore_b, serial_bayou_pond_c,
          serial_bayou_shore_b, serial_bayou_pond_d
D:2:      layout_rooms, ebering_ecumenical_altar_sacrificial
D:3:      layout_basic, mainiacjoe_overflow_six_doors_small, serial_shops, shop,
          kennysheep_path_1, moated_statue, hangedman_decor_clover_reticule,
          corner_web_ring
D:4:      layout_rooms, minmay_temple_entry_arrows
D:5:      layout_gridville, gammafunk_temple_overflow_wave, uniq_ijyb

Skill      XL: |  1  2  3  4  5 |
---------------+----------------+-----
Unarmed Combat | 3 4 5 6 |  6.4
Armour         | 1 2 |  2.0
Fighting       | 2 |  2.9
Stealth        | 1 2 |  2.3
Evocations     | 1 |  1.8
Throwing       | |  1.7
Dodging        | |  2.6

Action                   |  1- 3 |  4- 6 || total
-------------------------+-------+-------++-------
Melee: Unarmed           |   192 |   138 ||   330
       Punch             |     3 |     6 ||     9
Evoke: Wand              |       |     1 ||     1
  Use: Scroll            |     5 |     8 ||    13
       Potion            |     1 |     2 ||     3
 Stab: Sleeping          |       |     3 ||     3
Armor: Ring mail         |    65 |    31 ||    96
       Leather armour    |    10 |    36 ||    46
Dodge: Dodged            |   138 |    93 ||   231
